 Dungeon Crawl Stone Soup version 0.31-a0-986-g5e6e4ef867 (webtiles) character file.

Game seed: 15198569509123811242

56 ytrimaz the Ruffian (level 3, -1/32 HPs)
             Began as a Troll Shapeshifter on Nov 15, 2023.
             Slain by a gnoll
             ... wielding a +0 halberd
              (13 damage)
             ... on level 2 of the Dungeon.
             The game lasted 00:01:04 (786 turns).

ytrimaz the Ruffian (Troll Shapeshifter)             Turns: 786, Time: 00:01:05

Health: -1/32      AC:  4    Str: 22    XL:     3   Next: 69%
Magic:  2/2        EV:  9    Int:  6    God:
Gold:   125        SH:  0    Dex: 11    Spells: 2/2 levels left

rFire   . .          .
                       - Unarmed
rCold   . . .        (no shield)
rNeg    . . .        a - +0 animal skin
rPois   .            (helmet currently unavailable)
rElec   .            (cloak currently unavailable)
rCorr   .            (gloves unavailable)
SInv    .            (boots unavailable)
Will    .....        (no amulet)
Stlth   +            (no ring)
HPRegen 1.05/turn    (no ring)
MPRegen 0.08/turn

%: no passive effects
@: beast-form
A: beast (slay +2), large, unfitting armour, claws 3, regeneration 1, shaggy fur
1, tough skin 1
a: Begin Untransformation


You were on level 2 of the Dungeon.
You were a hulking beast.
You visited 1 branch of the dungeon, and saw 2 of its levels.

You collected 125 gold pieces.


Innate Abilities, Weirdness & Mutations

You are a hulking beast.
Your limbs bulge with bestial killing power. (Slay +2)
You are too large for most types of armour.
You have claws for hands.
Your natural rate of healing is unusually fast.
You are covered in fur. (AC +1)
You have tough skin. (AC +1)


   Skills:
 - Level 0.7 Fighting
 - Level 1.5 Dodging
 + Level 3.9 Unarmed Combat
 + Level 3.8 Shapeshifting


You had 2 spell levels left.
You didn't know any spells.
Your spell library was empty.

Inventory:

Armour
 a - a +0 animal skin (worn)
Jewellery
 f - a ring of resist corrosion
   (You found it on level 1 of the Dungeon)
Talismans
 c - a beast talisman
 d - a flux talisman
Scrolls
 g - a scroll of fog {unknown}
 h - a scroll of revelation {unknown}
 i - a scroll of noise {unknown}
 k - a scroll of identify {unknown}
 m - a scroll of enchant armour {unknown}
Potions
 b - a potion of lignification
 e - 6 potions of curing {unknown}
 j - a potion of attraction {unknown}
 l - a potion of mutation {unknown}
 n - a potion of invisibility {unknown}

Dungeon Overview and Level Annotations

Branches:
Dungeon (2/15) Zot: 11216

Altars:

#.).#
#...#..........#
#...#
#...#......###..
#.
#...#......+...>
#..
#...#......####.
#.. #...#......#
#. #...
#...#......# #.
#...###!..#......#
#.
#...g#....#......
#. #..gh...## #.
##.....## ##...##
#####


You could see 2 gnolls.


Message History

You kill the rat!
No target in view!
No target in view!
You now have 117 gold pieces (gained 12).
l - a puce potion
m - a scroll labelled HOWE CIQAYSKUU You see here the +0 leather armour of Elyvilon's Pride {rC+ Will+ Str+3 Stlth+}.
You now have 125 gold pieces (gained 8).
A giant cockroach comes into view.
A giant cockroach is nearby!
A giant cockroach is nearby!
The giant cockroach closely misses you.
You claw the giant cockroach!
You kill the giant cockroach!
No target in view!
No target in view!
A frilled lizard comes into view.
The frilled lizard hisses angrily.
A worm comes into view.
There are monsters nearby!
There are monsters nearby!
There are monsters nearby!
The frilled lizard bites you. 😕 HP[-1]
You take 1 damage, and now have 31/32 hp.
You closely miss the frilled lizard. The frilled lizard bites you. 😕 HP[-2]
You take 2 damage, and now have 29/32 hp.
You claw the frilled lizard!
You kill the frilled lizard! 😕 HP[+1]
The worm bites you!
You see here a frilled lizard corpse. 😮 HP[-8]
You take 8 damage, and now have 22/32 hp.
MASSIVE DAMAGE!! (PAUSE)
You barely miss the worm. The worm closely misses you. 😮 HP[+1]
You are too injured to fight recklessly!
You claw the worm! 😮 HP[+1] Unknown command.
You claw the worm!
You kill the worm! 😕 HP[+1] 😕 HP[+1]
You see here a frilled lizard corpse.
n - a viscous sapphire potion 😎 HP[+6]
Your hp is fully restored (32).
e - 6 fuming blue potions (gained 1)
You open the door.
There is an open door here.
Found a stone staircase leading down.
A kobold comes into view. It is wielding a +0 short sword.
A kobold is nearby!
A kobold is nearby!
The kobold shouts!
The kobold completely misses you.
You scratch the kobold.
You kill the kobold!
No target in view!
There is an open door here.
There is an open door here.
Key pressed, stopping explore.
No target in view!
You open the door.
There is an open door here.
Key pressed, stopping explore.
No target in view!
A gnoll comes into view. It is wielding a +0 flail.
The gnoll shouts!
You see here a black potion.
A gnoll is nearby! 2 gnolls come into view.
The gnoll shouts! x2
The gnoll barely misses you.
The gnoll moves out of view. x2
A gnoll is nearby!
You claw the gnoll! The gnoll hits you with a +0 flail.
There are monsters nearby! 😕 HP[-6]
You take 6 damage, and now have 26/32 hp.
You claw the gnoll!
You kill the gnoll!
The gnoll hits you from afar with a +0 halberd! 😮 HP[-6]
You take 6 damage, and now have 20/32 hp.
You are too injured to fight recklessly!
You are too injured to fight recklessly!
Unknown command.
The gnoll hits you with a +0 halberd!
* * * LOW HITPOINT WARNING * * *
The gnoll hits you with a +0 halberd.
* * * LOW HITPOINT WARNING * * *
You see here a +0 flail. 😨 HP[-9]
You take 9 damage, and now have 11/32 hp.
MASSIVE DAMAGE!! (PAUSE)
You scratch the gnoll. The gnoll hits you with a +0 halberd!
You die...

Action                     || total
---------------------------++-------
  Melee: Unarmed           ||    61
         Punch             ||     1
   Stab: Sleeping          ||     1
 Armour: Animal skin       ||    41
  Dodge: Dodged            ||    20

Levels and vault maps discovered:
D:1:      tarquinn_simple_flora_water_e, layout_rooms, minmay_liquid_box
D:2:      layout_basic, nrook_uturn, minmay_pentomino_z2

Notes
Turn   | Place    | Note
-------+----------+-------------------------------------------
     0 | D:1      | ytrimaz the Troll Shapeshifter began the quest for the Orb.
     0 | D:1      | Reached XP level 1. HP: 18/18 MP: 0/0
     0 | D:1      | magus.rc [v1.9.6]
    83 | D:1      | Reached XP level 2. HP: 26/26 MP: 1/1
   341 | D:1      | Reached XP level 3. HP: 29/32 MP: 2/2
   670 | D:2      | Identified the +0 leather armour of Elyvilon's Pride {rC+
                  | Will+ Str+3 Stlth+}
   786 | D:2      | Slain by a gnoll

Vanquished Creatures
  A gnoll (D:2)
  A worm (D:2)
  2 dart slugs
  2 ball pythons
  5 endoplasms
  2 giant cockroaches
  4 goblins (D:1)
  A hobgoblin (D:1)
  3 jackals (D:1)
  2 quokkas (D:1)
  3 bats (D:1)
  3 frilled lizards
  5 kobolds
  2 rats
36 creatures vanquished.

Table legend:
 A = Non-vault XP
 B = Vault XP
 C = Vault XP percentage of total XP
 D = Non-vault monster count
 E = Vault monster count
 F = Vault count percentage of total count
                 A         B        C        D         E       F
            +---------+---------+-------+---------+---------+-------
      Total |      74 |       6 |   7.5 |      34 |       2 |   5.6
            +---------+---------+-------+---------+---------+-------
        D:1 |      45 |       0 |   0.0 |      26 |       0 |   0.0
        D:2 |      29 |       6 |  17.1 |       8 |       2 |  20.0
            +---------+---------+-------+---------+---------+-------

Action                     || total
---------------------------++-------
  Melee: Unarmed           ||    61
         Punch             ||     1
   Stab: Sleeping          ||     1
 Armour: Animal skin       ||    41
  Dodge: Dodged            ||    20

Illustrated notes

Table legend:
 A = Kills in this place as a percentage of kills in the entire game.
 B = Kills by you in this place as a percentage of kills by you in the entire game.
 C = Kills by friends in this place as a percentage of kills by friends in the entire game.
 D = Other kills in this place as a percentage of other kills in the entire game.
 E = Experience gained in this place as a percentage of experience gained in the entire game.
 F = Experience gained in this place divided by the number of levels of this place that you have seen.
                   A       B       C       D       E      F
               +-------+-------+-------+-------+-------+----------------------
         Total | 100.0 | 100.0 |   N/A |   N/A | 100.0 |  40.0
       Dungeon | 100.0 | 100.0 |   N/A |   N/A | 100.0 |  40.0
               +-------+-------+-------+-------+-------+----------------------

Table legend: (Time is in decaauts)
 A = Elapsed time spent in this place.
 B = Non-inter-level travel time spent in this place.
 C = Inter-level travel time spent in this place.
 D = Time resting spent in this place.
 E = Time spent auto-exploring this place.
 F = Levels seen in this place.
 G = Mean time per level.
                   A        B        C        D        E       F      G
               +--------+--------+--------+--------+--------+-----+--------+
         Total |    782 |    776 |      6 |      0 |    599 |   2 |  391.0 |
       Dungeon |    782 |    776 |      6 |      0 |    599 |   2 |  391.0 |
               +--------+--------+--------+--------+--------+-----+--------+

Top non-repeatable levels by time:
     D:1: 526 daAuts
     D:2: 255 daAuts
